 Dungeon Crawl Stone Soup version 0.25-a0-781-gc44aebf4fe (webtiles) character file.

Game seed: 12954902924747302121, levelgen mode: deterministic

16 MisterFreud the Insei (level 2, -2/18 HPs)
             Began as an Octopode Transmuter on Apr 15, 2020.
             Slain by a worm (11 damage)
             ... on level 2 of the Dungeon.
             The game lasted 00:01:18 (896 turns).

MisterFreud the Insei (Octopode Transmuter)          Turns: 896, Time: 00:01:20

Health: -2/18      AC:  1    Str:  9    XL:     2   Next: 54%
Magic:  0/5        EV: 13    Int: 15    God:
Gold:   74         SH:  0    Dex: 12    Spells: 2/5 levels left

rFire    . . .     SeeInvis .     - Unarmed
rCold    . . .     Gourm    .   (no shield)
rNeg     . . .     Faith    .   (helmet restricted)
rPois    +         Spirit   .   (no amulet)
rElec    .         Reflect  .   e - +3 ring of slaying
rCorr    .         Harm     .   f - ring of poison resistance
MR       .....                  (no ring)
Stlth    ++........             (no ring)
HPRegen  0.06/turn              (no ring)
MPRegen  0.09/turn              (no ring)
                                (no ring)
                                (no ring)

@: appendage, very slightly contaminated
A: almost no armour, stealthy swim, amphibious, 8 rings, constrict 8, tentacle
spike 3, camouflage 1, gelatinous body 1
a: End Transformation


You were on level 2 of the Dungeon.
You were not hungry.
One of your tentacles had a temporary spike.
You visited 1 branch of the dungeon, and saw 2 of its levels.

You collected 74 gold pieces.

Inventory:

Missiles
 a - 11 arrows
 h - a stone (quivered)
Jewellery
 e - a +3 ring of slaying (left tentacle)
 f - a ring of poison resistance (right tentacle)
Scrolls
 b - a scroll of identify {unknown}
 j - a scroll of amnesia {unknown}
Potions
 g - a potion of haste {unknown}
 i - a potion of degeneration {unknown}
Comestibles
 c - a ration


   Skills:
 - Level 1.0 Fighting
 - Level 2.0 Dodging
 - Level 3.0 Unarmed Combat
 + Level 2.3 Spellcasting
 * Level 2.7 Transmutations


You had 2 spell levels left.
You knew the following spells:

 Your Spells              Type           Power        Failure   Level  Hunger
a - Beastly Appendage     Tmut           ##....       7%          1    #......
b - Sticks to Snakes      Tmut           ##......     11%         2    ###....

Your spell library contained the following spells:

 Spells                   Type           Power        Failure   Level  Hunger
 Spider Form              Tmut/Pois      #.........   36%         3    ###....
 Ice Form                 Ice/Tmut       #.......     77%         4    #####..
 Blade Hands              Tmut           ##........   88%         5    ######.


Dungeon Overview and Level Annotations

Branches:
Dungeon (2/15)

Altars:


Innate Abilities, Weirdness & Mutations

You cannot wear most types of armour.
You are very stealthy in the water. (Stealth+)
You are amphibious.
You can wear up to eight rings at the same time.
You can use your tentacles to constrict eight enemies at once.
Your skin changes colour to match your surroundings (Stealth+).
Your rubbery body absorbs attacks. (AC +1, EV +1)
One of your tentacles bears a large vicious spike.


Message History

You are very lightly contaminated with residual magic.
Nothing appears to happen.
Casting: Sticks to Snakes (safe; 11% risk of failure)
Confirm with . or Enter, or press ? or * to list all spells.
You create a snake!
You now have 11 arrows.
Your adder bites the worm.
Your adder bites the worm.
The worm is poisoned.
Your adder poisons the worm!
The worm bites you!
Ouch! That really hurt!
Casting: Sticks to Snakes (safe; 11% risk of failure)
Confirm with . or Enter, or press ? or * to list all spells.
One of your tentacles grows a vicious spike.
Your adder bites the worm.
You tentacle-slap the worm but do no damage.
You grab the worm.
The worm is moderately wounded.
You constrict the worm, but do no damage.
Your adder bites the worm.
The worm bites you!
Ouch! That really hurt!
You die...

####### +....>#
##.######
#.......#
#S@####.# #w.#
#.# ....# #.#
#.###.# #.# ..
#.# #.# ## #.#
#.# ..# #.#
#.####.##########
#..........<..#


You could see a worm and a friendly adder.

Vanquished Creatures
  A dart slug (D:1)
  3 bats (D:1)
  A hobgoblin (D:1)
  3 jackals (D:1)
  A goblin (D:1)
  3 kobolds (D:1)
12 creatures vanquished.

Notes
Turn   | Place    | Note
-------+----------+-------------------------------------------
     0 | D:1      | MisterFreud the Octopode Transmuter began the quest for the
                  | Orb.
     0 | D:1      | Reached XP level 1. HP: 13/13 MP: 3/3
   198 | D:1      | Reached XP level 2. HP: 17/18 MP: 3/5
   202 | D:1      | Learned a level 2 spell: Sticks to Snakes
   896 | D:2      | Slain by a worm

Levels and vault maps discovered:
D:1:      sevenhm_arrival_forest_fort_large_4, layout_basic, serial_glass,
          glass_columns_b, glass_columns_c
D:2:      layout_basic, hangedman_ru_absence,
          gammafunk_temple_overflow_elements, marbit_many_paths, first_ration

Action                   || total
-------------------------++-------
Melee: Unarmed           ||    17
       Tentacles         ||     4
       Constrict         ||     4
 Cast: Beastly Appendage ||    10
       Sticks to Snakes  ||     1
Armor: Skin              ||     1
Dodge: Dodged            ||     8

Table legend:
 A = Non-vault XP
 B = Vault XP
 C = Vault XP percentage of total XP
 D = Non-vault monster count
 E = Vault monster count
 F = Vault count percentage of total count
                 A         B        C        D         E       F
            +---------+---------+-------+---------+---------+-------
      Total |      23 |       0 |   0.0 |      12 |       0 |   0.0
            +---------+---------+-------+---------+---------+-------
        D:1 |      23 |       0 |   0.0 |      12 |       0 |   0.0
            +---------+---------+-------+---------+---------+-------
